[Event "50th La Roda Open 2024"]
[Site "La Roda"]
[Date "2024.03.27"]
[Round "1.12"]
[White "Martinez Ramirez, Lennis"]
[Black "Ha, Yihan"]
[Result "1-0"]
[ECO "D32"]
[WhiteElo "2450"]
[BlackElo "1865"]
[Annotator "RC"]
[PlyCount "93"]
[EventDate "2024.03.27"]
[EventType "swiss"]
[EventCountry "ESP"]
[SourceTitle "playchess.com"]
[Source "ChessBase"]
[SourceQuality "1"]
[TimeControl "5400+30"]

1. Nf3 Nf6 2. c4 e6 3. b3 d5 4. Bb2 Be7 5. e3 c5 6. cxd5 exd5 7. d4 O-O 8. Be2 Bf5 9. O-O Nc6 10. Nc3 Rc8 11. Rc1 cxd4 12. Nxd4 Nxd4 13. Qxd4 Bc5 14. Qf4 Be6 15. Nb5 a6 16. Nd4 Bd6 17. Nxe6 Rxc1 18. Rxc1 fxe6 19. Qh4 Ne4 20. Qxd8 Rxd8 21. g4 Rf8 22. f3 Nc5 23. h4 Kf7 24. Kg2 Nd7 25. f4 g6 26. g5 Bc5 27. Rc3 Ke7 28. Kg3 Kd6 29. Rd3 Bb4 30. a3 Be1+ 31. Kg4 Rc8 32. Rd1 Ba5 33. Bd3 Nc5 34. Bc2 Nd7 35. Bb1 Bb6 36. e4 d4 37. e5+ Ke7 38. h5 Kf7 39. Bxd4 Bxd4 40. Rxd4 Nf8 41. a4 Rc7 42. a5 Nd7 43. Be4 Nc5 44. Rc4 Rc8 45. hxg6+ hxg6 46. b4 Nxe4 47. Rxc8 1-0

[Event "50th La Roda Open 2024"]
[Site "La Roda"]
[Date "2024.03.27"]
[Round "1.13"]
[White "Hidalgo Arellano, Patricio"]
[Black "Sanchez Alvarez, Roberto Carlos"]
[Result "0-1"]
[ECO "B31"]
[WhiteElo "1861"]
[BlackElo "2407"]
[Annotator "RC"]
[PlyCount "48"]
[EventDate "2024.03.27"]
[EventType "swiss"]
[EventCountry "ESP"]
[SourceTitle "playchess.com"]
[Source "ChessBase"]
[SourceQuality "1"]
[TimeControl "5400+30"]

1. e4 c5 2. Nf3 Nc6 3. Bb5 g6 4. Bxc6 bxc6 5. O-O Bg7 6. c3 Nf6 7. Re1 O-O 8. d4 Qb6 9. Qb3 d6 10. Na3 Bg4 11. Qxb6 axb6 12. e5 Nd5 13. exd6 exd6 14. Be3 Bxf3 15. gxf3 Nxc3 16. Nc4 Nd5 17. Red1 Rfd8 18. dxc5 dxc5 19. a4 b5 20. Rxd5 cxd5 21. Nb6 Ra5 22. Bxc5 bxa4 23. Nxa4 Rda8 24. b3 Bxa1 0-1

[Event "50th La Roda Open 2024"]
[Site "La Roda"]
[Date "2024.03.27"]
[Round "1.14"]
[White "Cruz Lledo, Pablo"]
[Black "Garcia Galeote, Lorenzo"]
[Result "1-0"]
[ECO "D00"]
[WhiteElo "2353"]
[BlackElo "1860"]
[Annotator "RC"]
[PlyCount "59"]
[EventDate "2024.03.27"]
[EventType "swiss"]
[EventCountry "ESP"]
[SourceTitle "playchess.com"]
[Source "ChessBase"]
[SourceQuality "1"]
[TimeControl "5400+30"]

1. d4 d5 2. Bf4 Nf6 3. e3 c5 4. c3 Nc6 5. Nd2 Qb6 6. Qb3 c4 7. Qc2 g6 8. e4 Nxe4 9. Nxe4 dxe4 10. Bxc4 Bg7 11. Be3 Na5 12. Be2 Qc7 13. Qxe4 O-O 14. Nf3 Nc4 15. Bf4 e5 16. Nxe5 Nxe5 17. Bxe5 Qe7 18. Qe3 f6 19. Bf4 Qf7 20. O-O Re8 21. Qd2 a6 22. Rfe1 Be6 23. b3 g5 24. Bg3 Rac8 25. Rad1 b5 26. d5 Bd7 27. c4 h5 28. Bd6 bxc4 29. bxc4 Bf5 30. c5 1-0

[Event "50th La Roda Open 2024"]
[Site "La Roda"]
[Date "2024.03.27"]
[Round "1.15"]
[White "Vieira, Daniel"]
[Black "Martinez Reyes, Pedro Ramon"]
[Result "0-1"]
[ECO "B51"]
[WhiteElo "1856"]
[BlackElo "2332"]
[Annotator "RC"]
[PlyCount "74"]
[EventDate "2024.03.27"]
[EventType "swiss"]
[EventCountry "ESP"]
[SourceTitle "playchess.com"]
[Source "ChessBase"]
[SourceQuality "1"]
[TimeControl "5400+30"]

1. e4 c5 2. Nf3 Nc6 3. Bb5 d6 4. Bxc6+ bxc6 5. O-O e5 6. c3 Ne7 7. d4 cxd4 8. cxd4 f6 9. Nc3 Ng6 10. Be3 Be7 11. Rc1 O-O 12. Qb3+ Kh8 13. h3 Bd7 14. Rfd1 Rb8 15. Qc2 h6 16. Qd2 Kh7 17. Ne2 Rb5 18. Ng3 Qb8 19. Rc2 d5 20. a4 Rb4 21. exd5 cxd5 22. Rdc1 e4 23. Nh2 f5 24. Rc7 Rxb2 25. Qd1 Rb7 26. Rxb7 Qxb7 27. Nh5 Bd6 28. g3 f4 29. Nxf4 Nxf4 30. gxf4 Bxf4 31. Bxf4 Rxf4 32. Ng4 Bxg4 33. hxg4 Qd7 34. Rc5 Rxg4+ 35. Kf1 Rg5 36. Qc2 Qh3+ 37. Ke2 Qf3+ 0-1

[Event "50th La Roda Open 2024"]
[Site "La Roda"]
[Date "2024.03.27"]
[Round "1.16"]
[White "Buendia Pinar, Alvaro"]
[Black "Santos, Isabel Pereira Dos"]
[Result "1-0"]
[ECO "D15"]
[WhiteElo "2331"]
[BlackElo "1845"]
[Annotator "RC"]
[PlyCount "51"]
[EventDate "2024.03.27"]
[EventType "swiss"]
[EventCountry "ESP"]
[SourceTitle "playchess.com"]
[Source "ChessBase"]
[SourceQuality "1"]
[TimeControl "5400+30"]

1. d4 d5 2. c4 c6 3. Nc3 Nf6 4. Nf3 a6 5. e3 Bg4 6. Qb3 Ra7 7. Ne5 Bf5 8. Be2 e6 9. f3 dxc4 10. Bxc4 b5 11. Be2 Be7 12. g4 Bg6 13. h4 b4 14. Na4 Qa5 15. Nc4 Qc7 16. h5 Qg3+ 17. Kd1 Be4 18. fxe4 Nxe4 19. Rf1 Qg2 20. Nd2 Ng3 21. Bf3 Qh2 22. Re1 Qf2 23. e4 Qxd4 24. Qe3 Qxe3 25. Rxe3 Rb7 26. Bg2 1-0

[Event "50th La Roda Open 2024"]
[Site "La Roda"]
[Date "2024.03.28"]
[Round "2.1"]
[White "Aravindh, Chithambaram VR."]
[Black "Gomez Jurado, Luis Alberto"]
[Result "1-0"]
[ECO "B12"]
[WhiteElo "2662"]
[BlackElo "2113"]
[Annotator "TA"]
[PlyCount "65"]
[EventDate "2024.03.27"]
[EventType "swiss"]
[EventCountry "ESP"]
[SourceTitle "playchess.com"]
[Source "ChessBase"]
[SourceQuality "1"]
[TimeControl "5400+30"]

1. e4 c6 2. d4 d5 3. e5 Bf5 4. h4 h5 5. Bd3 Bxd3 6. Qxd3 e6 7. Bg5 Qa5+ 8. Nd2 Qa6 9. c4 {[%emt 0:01:52] White has an edge.} Bb4 10. b3 Bxd2+ (10... Ne7 $11) 11. Qxd2 $16 dxc4 12. Ne2 f6 (12... cxb3 13. O-O $16) (12... Nh6 $14) 13. exf6 gxf6 {[%emt 0:00:08] Black is weak on the dark squares} 14. Bf4 (14. Nf4 $16 Kf7 15. O-O) 14... Ne7 $14 (14... cxb3 15. O-O b2 16. Qxb2 $16) 15. O-O {[%emt 0:00:40][%mdl 1024] White has compensation. White is more active.} Nd7 16. Ng3 {[%emt 0:21:53] And now Rfe1 would win.} O-O-O 17. Ne4 (17. Rfe1 $14 Nc5 18. Qc2) 17... Nf5 $11 18. Bh2 {[%emt 0:00:38] [#]} Ne5 $1 19. Nxf6 $14 Nxd4 {[%emt 0:02:55] [#]} (19... Rxd4 $2 20. Qe2 Nd7 21. Nxd7 (21. Nxh5 $2 Rxh4 22. g4 Nd4 $19) (21. Qxe6 c5 $18) 21... Kxd7 22. Be5 $18) (19... Nd3 $11 {keeps the balance.}) 20. Qe3 $1 $40 {[%emt 0:01:40][%mdl 128] White has strong attack.} (20. Bxe5 $2 Nf3+ 21. gxf3 Rxd2 $19) 20... Nd3 {[%emt 0:00:42] Black cannot hold the game after this.} (20... Nf7 $16 {was worth a try.}) 21. Rad1 $18 c5 {[%emt 0:18:40] [#]} (21... b6 $142 22. bxc4 Qxc4 23. Rxd3 Nf3+ 24. Qxf3 Rxd3) 22. Rxd3 $1 cxd3 23. Qe5 $1 Qd6 24. Qxd6 Rxd6 25. Bxd6 {[%emt 0:00:04] White is clearly winning.} Rd8 26. Ne4 ({Weaker is} 26. Bxc5 Ne2+ 27. Kh2 d2 28. Nxh5 (28. Rd1 Nc3 $15) 28... b6 $18) 26... b5 27. Bxc5 Ne2+ 28. Kh2 b4 29. Nd6+ Kc7 30. Rd1 Kc6 31. Bxb4 a5 32. Ba3 ({Not} 32. Bxa5 Rxd6 33. Bd2 Rd5 $18) 32... Nc3 33. Rc1 {[%emt 0:00:29] Weighted Error Value: White=0.10 (very precise) /Black=0.49.  Loses game:     	---       	Black=1      Mistake:       	White=2     	Black=5      Inaccurate:     	White=2     	---        OK:         	White=10    	Black=5      Best:        	White=2     	Black=1      Strong:       	White=1     	---        Brilliant:      	White=1     	---} 1-0

[Event "50th La Roda Open 2024"]
[Site "La Roda"]
[Date "2024.03.28"]
[Round "2.2"]
[White "Louis, Corentin"]
[Black "Xu, Xiangyu"]
[Result "0-1"]
[ECO "A03"]
[WhiteElo "2091"]
[BlackElo "2623"]
[Annotator "TA"]
[PlyCount "92"]
[EventDate "2024.03.27"]
[EventType "swiss"]
[EventCountry "ESP"]
[SourceTitle "playchess.com"]
[Source "ChessBase"]
[SourceQuality "1"]
[TimeControl "5400+30"]

1. f4 d5 2. Nf3 g6 3. g3 Bg7 4. Bg2 Nf6 5. O-O O-O 6. d3 Re8 7. c3 (7. Nc3 $11) 7... Nbd7 8. Ne5 c6 {[%emt 0:02:15] Schwarz hat minimalen Vorteil.} 9. Nxd7 (9. Qb3 $11) 9... Bxd7 $15 10. e4 Qb6+ 11. Kh1 dxe4 {[%emt 0:00:09] Schwarz steht aktiver.} 12. dxe4 Rad8 13. Nd2 Qa6 {[%emt 0:04:47] Es drohte Qe2} 14. Qc2 (14. e5 $1 $11) 14... Be6 (14... c5 $17 {Droht stark ...Ng4.} 15. e5 Ng4) 15. Re1 Ng4 (15... Bxa2 $2 16. b3 $18) 16. Bf1 Qb6 17. Nc4 {[%emt 0:04:12] Lässt Ne3 nicht zu} Qf2 (17... Nf2+ 18. Kg2 Bxc4 19. Bxc4 $18) 18. Qxf2 Nxf2+ 19. Kg1 Nd3 20. Bxd3 Rxd3 21. Na5 Rd7 22. Be3 {[%emt 0:00:40][%cal Oa1d1] [#]} c5 $1 23. Red1 Red8 24. Rxd7 Rxd7 25. Kf2 b6 26. Nc6 f6 27. b4 $1 Rc7 28. Nd8 Bc8 29. bxc5 bxc5 {[%emt 0:00:04] Zielt auf ...Kf8 ab.} 30. Rb1 Bf8 31. e5 fxe5 32. fxe5 Bg7 33. e6 {[%emt 0:08:35] Und Bf4 würde nun gewinnen.} Ba6 (33... Bxc3 $2 34. Bf4 Bd4+ 35. Kf3 Bxe6 36. Bxc7 $18 (36. Nxe6 Rd7 $18)) 34. Rb8 {[%emt 0:00:28] Weiss droht Nb7+ und Matt.} Bxc3 35. Nb7+ Kg7 36. Nxc5 Bc8 37. Rb3 Be5 38. h4 Kf6 39. Bg5+ Kf5 40. Nd3 (40. Be3 $15) 40... Bd4+ $17 ({Ein No Go ist} 40... Kxe6 $6 41. Nxe5 Rc2+ 42. Kf3 Kxe5 43. Re3+ Kd6 44. Bxe7+ Kd7 45. Bg5 $11) (40... Bxe6 $2 {verliert.} 41. Rb5 Kg4 (41... Rc2+ $2 42. Kf3 $18) 42. Rxe5 $18 (42. Nxe5+ Kh3 $18)) 41. Be3 Rc2+ 42. Kf3 Bxe3 {[%emt 0:00:03] Das Läuferpaar ist gut.} 43. Rb5+ (43. g4+ $17 Kxe6 44. Kxe3) 43... Kxe6 $19 44. Kxe3 Rxa2 {[%emt 0:00:04] Droht ...Ra3 und aus.} 45. h5 $2 (45. Rc5 Bd7 46. Nf2) 45... Ra3 46. Kd4 {[%emt 0:00:53] [#]} Rxd3+ $1 {[%emt 0:00:06] Gewichteter Fehlerwert: Weiß=0.30/Schwarz=0.08 (makellos) .  Fehler:       	Weiß=6     	Schwarz=1     Ungenau:       	Weiß=4     	Schwarz=4     OK:         	Weiß=21    	Schwarz=14    Bester:       	Weiß=3     	Schwarz=6     Stark:        	Weiß=1     	---} 0-1

[Event "50th La Roda Open 2024"]
[Site "La Roda"]
[Date "2024.03.28"]
[Round "2.3"]
[White "Karthik Venkataraman"]
[Black "Yuste Valenzuela, Alejandro"]
[Result "1-0"]
[ECO "A25"]
[WhiteElo "2609"]
[BlackElo "2106"]
[Annotator "TA"]
[PlyCount "65"]
[EventDate "2024.03.27"]
[EventType "swiss"]
[EventCountry "ESP"]
[SourceTitle "playchess.com"]
[Source "ChessBase"]
[SourceQuality "1"]
[TimeControl "5400+30"]

1. c4 e5 2. Nc3 Nc6 3. Nf3 g6 4. e3 Bg7 5. d4 d6 6. Be2 Nf6 7. b3 O-O 8. Bb2 Bf5 9. d5 Nb4 10. Rc1 {[%emt 0:00:13] Dodges Nc2+} a5 {[%emt 0:01:24] The position is equal.} 11. h3 Ne4 12. Nxe4 Bxe4 13. a3 Bxf3 14. gxf3 Na6 15. O-O Qh4 16. Kh2 f5 17. Bc3 Bh6 ({Black should play} 17... Rf7 $15) 18. b4 (18. Bxa5 $142 e4 19. f4) 18... g5 (18... axb4 $11 19. axb4 Bg7) 19. Kg2 Rf6 (19... Bg7 $11) 20. c5 Raf8 21. Qe1 (21. bxa5 $2 g4 22. fxg4 Bxe3 (22... dxc5 $2 23. Qe1 $18) (22... Nxc5 23. f4 $16) (22... fxg4 $2 23. Bxg4 Rxf2+ 24. Rxf2 $19) 23. fxe3 fxg4 24. Bxg4 (24. hxg4 $2 Rf2+ 25. Rxf2 Rxf2+ 26. Kg1 Qh2#) 24... Rxf1 25. Qxf1 Rxf1 26. Rxf1 Nxc5 $19 (26... dxc5 $2 27. Be6+ Kg7 28. Bxe5+ Kg6 29. Bf7+ Kh6 30. Rf6+ $18)) 21... Bg7 22. Rh1 (22. bxa5 Nxc5 (22... dxc5 23. Rh1 $16) 23. Rh1 (23. Bxe5 $2 Rh6 $19) 23... R6f7 $15) 22... Rg6 {[%emt 0:02:06] [#]} (22... axb4 $16 23. axb4 Nb8) 23. c6 $1 $18 (23. bxa5 Nxc5 (23... dxc5 24. Rb1 $18) 24. Bb4 b6 $16) 23... e4 (23... b5 {was necessary.}) 24. cxb7 (24. bxa5 exf3+ 25. Bxf3 bxc6 $16) 24... f4 $2 (24... axb4 25. Bxb4 (25. axb4 Nb8 $18) 25... exf3+ 26. Bxf3 g4 27. hxg4 Qe7) 25. Bxa6 exf3+ 26. Kf1 g4 27. exf4 (27. bxa5 $2 g3 (27... gxh3 28. exf4 Qg4 29. Qe4 $11) 28. fxg3 fxg3 $19) 27... gxh3 28. Qe3 (28. bxa5 Qg4 29. Qe4 Qg2+ 30. Ke1 Qxh1+ 31. Kd2 Bxc3+ 32. Rxc3 h2 (32... Qg1 33. Rxf3 h2 34. Rh3 $16) 33. Rxc7 (33. Rxf3 $2 Qg2 $19) 33... Qa1 $19) 28... h2 29. Qxf3 ({Not} 29. Bxg7 $2 Rg1+ 30. Rxg1 Qh3+ (30... h1=B 31. Qe6+ Rf7 32. b8=Q+) 31. Ke1 hxg1=Q+ (31... hxg1=R+ $2 {loses.} 32. Kd2 $18) 32. Kd2 Qxg7 $19) 29... Rxf4 30. b8=Q+ Bf8 {[%emt 0:00:15] [#]} 31. Qd8 $3 Qh6 (31... Qxd8 32. Qxf4) 32. Bd2 Qg7 33. Qxf4 {[%emt 0:00:21] Weighted Error Value: White=0.13 (very precise) /Black=0.66.  Mistake:       	White=1     	Black=6      Inaccurate:     	White=3     	Black=1      OK:         	White=6     	Black=5      Strong:       	White=1     	---} 1-0

[Event "50th La Roda Open 2024"]
[Site "La Roda"]
[Date "2024.03.28"]
[Round "2.4"]
[White "Roquero Redondo, Miguel"]
[Black "Pranav Vijay"]
[Result "0-1"]
[ECO "C79"]
[WhiteElo "2086"]
[BlackElo "2252"]
[Annotator "RC"]
[PlyCount "84"]
[EventDate "2024.03.27"]
[EventType "swiss"]
[EventCountry "ESP"]
[SourceTitle "playchess.com"]
[Source "ChessBase"]
[SourceQuality "1"]
[TimeControl "5400+30"]

1. e4 e5 2. Nf3 Nc6 3. Bb5 a6 4. Ba4 Nf6 5. O-O d6 6. c4 Bg4 7. h3 Bxf3 8. Qxf3 Be7 9. Qb3 O-O 10. Bxc6 bxc6 11. Nc3 a5 12. d3 Nd7 13. f4 exf4 14. Bxf4 Bf6 15. Be3 Bg5 16. Bf2 Ne5 17. Qc2 c5 18. Rad1 Rb8 19. b3 Nc6 20. Kh1 Nd4 21. Bxd4 cxd4 22. Ne2 Be3 23. Ng3 g6 24. Rf3 c6 25. Nf1 Bh6 26. Qf2 c5 27. Nh2 Be3 28. Qg3 h5 29. Rdf1 Bg5 30. Qf2 Qe7 31. g3 a4 32. bxa4 Rb4 33. h4 Be3 34. Qg2 Rxa4 35. g4 Qxh4 36. gxh5 Qxh5 37. Rh3 Rxa2 38. Qg3 Qe2 39. Qg4 Qxg4 40. Nxg4 Bg5 41. Nf6+ Bxf6 42. Rxf6 Rb8 0-1

[Event "50th La Roda Open 2024"]
[Site "La Roda"]
[Date "2024.03.28"]
[Round "2.5"]
[White "Albornoz Cabrera, Carlos Daniel"]
[Black "Hurtado, Felipe"]
[Result "1/2-1/2"]
[ECO "B96"]
[WhiteElo "2603"]
[BlackElo "2087"]
[Annotator "TA"]
[PlyCount "106"]
[EventDate "2024.03.27"]
[EventType "swiss"]
[EventCountry "ESP"]
[SourceTitle "playchess.com"]
[Source "ChessBase"]
[SourceQuality "1"]
[TimeControl "5400+30"]

1. e4 c5 2. Nf3 d6 3. d4 cxd4 4. Nxd4 Nf6 5. Nc3 a6 6. Bg5 e6 7. f4 h6 8. Bh4 Qb6 9. a3 Be7 (9... Qxb2 $2 10. Na4 $18) 10. Bf2 Qc7 (10... Qxb2 $2 {perishes.} 11. Na4 $18) 11. Qf3 Nbd7 {[%emt 0:00:41][%cal Bb8d7,Bd7c5,Bc5e4][%mdl 32] The position is equal.} 12. O-O-O b5 13. g4 Bb7 14. h4 Nc5 15. Bd3 d5 16. e5 Nfe4 17. Bxe4 Nxe4 18. Be1 Rc8 19. Rh3 Bc5 20. Kb1 Qb6 21. Nce2 (21. Nb3 $14) 21... a5 $1 $11 22. f5 b4 23. a4 (23. fxe6 {seems wilder.} O-O 24. g5 bxa3 25. Qb3) 23... Ba6 24. g5 Bxe2 25. Nxe2 Qc7 {[%emt 0:12:35][%cal Oc5e3] Threatens to win with ...Be3!} 26. fxe6 fxe6 27. Qh5+ Qf7 28. Qxf7+ Kxf7 29. Rf3+ Ke8 30. Nf4 (30. g6 $1 $11 Rf8 31. Rxf8+ Bxf8 32. Nd4) 30... Rf8 31. Rdd3 Rc6 32. Nh5 hxg5 {[%emt 0:01:59] Strongly threatening ...Rh8.} 33. Nxg7+ Kd7 34. Rxf8 Bxf8 35. Rf3 {[%emt 0:00:09] [#]} (35. Nh5 $142) 35... Bxg7 (35... Ke7 $1 $17 36. Nh5 g4) 36. Rf7+ Kc8 37. Rxg7 gxh4 38. Bxh4 {[%emt 0:01:17][%mdl 4096] Endgame. KRB-KRN} Nd2+ 39. Kc1 Nc4 40. Bf2 (40. Rg8+ $11 {remains equal.} Kd7 41. Rg7+ Ke8 42. Rg8+ Kf7 43. Rg2) 40... Nxe5 $17 41. Rg8+ Kb7 42. Rg7+ $1 Kc8 43. Rg8+ $1 Kb7 (43... Kd7 $17 44. Rg7+ Ke8) 44. Bg3 Nc4 45. Rb8+ $1 Ka7 {[%emt 0:00:40] ...Ne3 is the strong threat.} 46. Rb5 $1 Ka6 47. Bf2 {[%emt 0:00:40] Wards off Ne3} Ne5 {[%emt 0:02:06] ...Nd3+ would now be deadly.} 48. Kd1 {[%emt 0:01:49] [#]} (48. Kd2 $1 $11 {keeps the balance.}) 48... Nd7 $1 49. Kd2 Rc4 (49... Rc7 $17 50. Kd3 Ne5+ 51. Kd2 Nc4+ 52. Ke2 Rc6 (52... Nxb2 $2 {loses.} 53. Rb6+ Ka7 54. Rxb4+ Ka8 55. Rxb2 $18)) 50. b3 $11 Rc8 51. Kd3 Rc3+ 52. Kd2 Rc8 53. Kd3 $1 Rc3+ {[%emt 0:00:01] Weighted Error Value: White=0.15 (very precise) /Black=0.19 (very precise) .  Mistake:       	White=5     	Black=4      Inaccurate:     	White=3     	Black=4      OK:         	White=17    	Black=12     Best:        	White=6     	Black=3      Strong:       	White=5     	Black=2} ({Better is} 53... Rc6 $1 $15) 1/2-1/2

[Event "50th La Roda Open 2024"]
[Site "La Roda"]
[Date "2024.03.28"]
[Round "2.6"]
[White "Portero Rubio, Martin"]
[Black "Iturrizaga Bonelli, Eduardo"]
[Result "0-1"]
[ECO "B33"]
[WhiteElo "2067"]
[BlackElo "2588"]
[Annotator "TA"]
[PlyCount "72"]
[EventDate "2024.03.27"]
[EventType "swiss"]
[EventCountry "ESP"]
[SourceTitle "playchess.com"]
[Source "ChessBase"]
[SourceQuality "1"]
[TimeControl "5400+30"]

1. e4 c5 2. Nf3 Nc6 3. d4 cxd4 4. Nxd4 Qb6 5. Nb3 Nf6 6. Nc3 e6 7. Qe2 Qc7 ({Black should try} 7... Bb4 $11) 8. g4 $14 h6 9. Bd2 a6 {[%emt 0:00:17] White is slightly better.} 10. O-O-O Bd6 11. h4 b5 12. Bg2 (12. Kb1 $16) 12... Bb7 (12... b4 $11 {remains equal.} 13. Na4 a5) 13. g5 $16 Ng8 14. Rhf1 (14. Kb1 $16) 14... hxg5 $14 15. hxg5 Rh2 16. f4 b4 17. Na4 {[%emt 0:04:19] Hoping for Be3.} Nce7 {[%emt 0:00:26] [#]} (17... Na5 $1 $14) 18. Be3 $2 (18. Rf2 $1 $16 {stays on course. Strongly threatening e5.} Rc8 19. Be3 Rxg2 20. Rxg2 Bxe4 21. Nb6 Bxg2 22. Nxc8 Nxc8 23. Qxg2) 18... Bxe4 $17 19. Rf2 Rxg2 20. Rxg2 Bxg2 21. Qxg2 Nd5 ({Black should play} 21... Rc8 {[%cal Oe7d5] Threatens to win with ...Nd5!} 22. Nb6 Bxf4 23. Bxf4 Qxb6 (23... Qxf4+ 24. Kb1 $15)) 22. Nb6 Nxb6 23. Bxb6 Bxf4+ 24. Kb1 Qc6 (24... Qxb6 $2 {loses.} 25. Qxa8+ Qd8 26. Qxa6 Bxg5 27. Qb5 $18) 25. Qf2 (25. Qg4 $17) 25... Bxg5 $19 26. Na5 Qe4 27. Qc5 Be7 28. Qc7 Nf6 29. Bc5 Qf3 30. Rc1 Qd5 31. Bxe7 Kxe7 32. Nc4 Qc6 {[%emt 0:02:35] Prevents Nb6} 33. Qf4 {[%emt 0:00:01] [#]} g5 $1 {[%emt 0:00:58] Black is clearly winning.} 34. Qf1 (34. Qd4 Qd5) 34... Ne4 {[%emt 0:01:13][%cal Oc6c4] Prevents Nd2} 35. Rd1 {[%emt 0:00:54] aiming for Ne5.} Rc8 36. Ne3 Qb5 {[%emt 0:00:46] Weighted Error Value: White=0.45/Black=0.18 (very precise) .  Mistake:       	White=4     	Black=3      Inaccurate:     	White=3     	Black=1      OK:         	White=8     	Black=17     Best:        	White=1     	Black=1} 0-1

[Event "50th La Roda Open 2024"]
[Site "La Roda"]
[Date "2024.03.28"]
[Round "2.7"]
[White "Peralta, Fernando"]
[Black "Jimenez Villena, Francisco Jose"]
[Result "1-0"]
[ECO "E48"]
[WhiteElo "2580"]
[BlackElo "2074"]
[Annotator "TA"]
[PlyCount "93"]
[EventDate "2024.03.27"]
[EventType "swiss"]
[EventCountry "ESP"]
[SourceTitle "playchess.com"]
[Source "ChessBase"]
[SourceQuality "1"]
[TimeControl "5400+30"]

1. d4 Nf6 2. c4 e6 3. Nc3 Bb4 4. e3 O-O 5. Bd3 d5 6. cxd5 exd5 7. a3 Bd6 8. Qc2 c6 9. Nge2 {[%emt 0:00:17] The position is equal.} Re8 10. Bd2 Nbd7 11. O-O a5 12. f3 c5 13. Rad1 b6 14. Qc1 Ba6 (14... Bb7 $11) 15. Bxa6 $14 Rxa6 16. Nb5 Bf8 17. Be1 Ra8 18. Nec3 Rc8 19. Qd2 cxd4 20. exd4 Nb8 21. Bh4 Rc6 22. Rfe1 Rce6 {[%emt 0:01:49] Repels Re5} 23. Rxe6 Rxe6 24. Bxf6 Rxf6 25. Qg5 Rd6 26. Qxd8 Rxd8 27. Na4 Nc6 28. Rc1 (28. Nxb6 $2 {is the wrong capture.} Rb8 29. Nxd5 Rxb5 $19) 28... Ne7 29. Rc7 {[%emt 0:00:51][%cal Oc7b7] White is more active.} (29. Nxb6 $2 {loses.} Rb8 30. Nxd5 Nxd5 $19 (30... Rxb5 $2 31. Nxe7+ Bxe7 32. Rc8+ Bf8 33. Ra8 $19)) 29... Nf5 30. Rc6 Re8 31. Kf2 {[%emt 0:05:19][%cal Og2g4] Repels Re2+} ({Reject} 31. Rxb6 Re1+ 32. Kf2 Rc1 $15) 31... Ne3 (31... h5 $14) 32. Nxb6 $16 Nd1+ 33. Kg3 Nxb2 34. Nxd5 Rd8 35. Ndc3 (35. Ndc7 $142) 35... f5 36. Kf4 g6 37. Ke3 {[%emt 0:00:05] Repels Nd3} Bh6+ (37... Rb8 $142) 38. f4 Re8+ (38... Rb8 $16 39. Nc7 Bf8) 39. Kd2 $18 {[%emt 0:00:18] Hoping for d5.} Rb8 40. g3 Bf8 (40... Bg7 $142 41. d5 Na4) 41. Rc7 Na4 42. Nd5 Bg7 {[%emt 0:00:28] Dodges Nf6+} (42... Kh8 $142) 43. Ne7+ Kf8 44. Rc8+ Rxc8 45. Nxc8 {[%emt 0:00:03] Kc2 would now be deadly.} Ke8 {[%emt 0:00:23] [#]} 46. Kc2 $1 {[%emt 0:02:46] And now Kb3 would win.} Kd7 47. Kb3 $1 {[%emt 0:00:25] Weighted Error Value: White=0.05 (flawless) /Black=0.16 (very precise) .  Mistake:       	White=1     	Black=6      Inaccurate:     	White=1     	Black=3      OK:         	White=23    	Black=13     Best:        	White=3     	Black=5      Strong:       	White=2     	---} 1-0